 Dungeon Crawl Stone Soup version 0.30-a0-639-g3916f1956a (webtiles) character file.

Game seed: 2121420282871831397

11552 arthad the Summoner (level 11, 0/50 HPs)
             Began as a Felid Summoner on Jan 16, 2023.
             Was an Initiate of Gozag.
             Killed by an exploding themself (30 damage)
             ... ignited by their inner flame
             ... on level 14 of the Dungeon.
             The game lasted 01:03:39 (15811 turns).

arthad the Summoner (Felid Summoner)               Turns: 15811, Time: 01:03:39

Health: 0/50       AC:  3    Str:  4    XL:     11   Next: 50%
Magic:  0/26       EV: 26    Int: 28    God:    Gozag
Gold:   2609       SH:  0    Dex: 22    Spells: 8/30 levels left
                                        Lives:  0   Deaths: 3

rFire   . . .      SeeInvis +    (weapon unavailable)
rCold   + . .      Faith    .    (shield unavailable)
rNeg    . . .      Spirit   .    (body armour unavailable)
rPois   .          Reflect  .    (helmet unavailable)
rElec   .          Harm     .    (cloak unavailable)
rCorr   +          Rampage  .    (gloves unavailable)
Will    +....                    (boots unavailable)
Stlth   +++                      J - amulet of regeneration
HPRegen 1.08/turn                d - +6 ring of dexterity
MPRegen 0.20/turn                n - ring "Vaov" {rCorr Int+6}

@: gold aura, quick
A: very small, claws 1, fangs 3, see invisible, speed 1, shaggy fur 3, stealthy
paws, no weapons or thrown items, no armour, multi-lived
a: Renounce Religion, Potion Petition, Call Merchant, Bribe Branch


You were on level 14 of the Dungeon.
You worshipped Gozag.
Gozag was most pleased with you.
You visited 2 branches of the dungeon, and saw 15 of its levels.

You collected 2726 gold pieces.
You paid 117 gold pieces to Gozag.

Inventory:

Hand Weapons
 u - the +6 dagger of Jeblygoxt {flame, Str+3 Int+2}
   (You found it on level 7 of the Dungeon)

   Str:       It affects your strength (+3).
   Int:       It affects your intelligence (+2).
 y - the +6 morningstar "Dogesch" {holy, rC++}
   (You found it on level 6 of the Dungeon)

   rC:        It greatly protects you from cold.
 M - the +3 sling of Bixzit {heavy, Str+2}
   (You found it on level 13 of the Dungeon)

   Str:       It affects your strength (+2).
Armour
 N - the +0 plate armour of the Engineer {Fly Str+2 Int+6}
   (You found it on level 13 of the Dungeon)

   Str:       It affects your strength (+2).
   Int:       It affects your intelligence (+6).
   Fly:       It grants you flight.
Jewellery
 d - a +6 ring of dexterity (left paw)
 j - an amulet of the acrobat
 n - the ring "Vaov" (right paw) {rCorr Int+6}
   (You found it on level 2 of the Dungeon)

   [ring of intelligence]

   Int:       It affects your intelligence (+6).
   rCorr:     It protects you from acid and corrosion.
 F - a ring of resist corrosion
 J - an amulet of regeneration (around neck)
Wands
 a - a wand of acid (14)
 s - a wand of charming (15)
 C - a wand of flame (10)
 H - a wand of iceblast (1)
 O - a wand of polymorph (3)
Scrolls
 b - 3 scrolls of teleportation
 e - 3 scrolls of poison
 i - 3 scrolls of immolation
 l - 2 scrolls of silence {unknown}
 m - a scroll of vulnerability {unknown}
 o - a scroll of amnesia
 v - 3 scrolls of noise {unknown}
 w - 5 scrolls of enchant armour {unknown}
 x - 2 scrolls of brand weapon {unknown}
 z - a scroll of magic mapping
 B - 2 scrolls of summoning {unknown}
 D - 2 scrolls of fog {unknown}
 G - 3 scrolls of fear {unknown}
 I - 4 scrolls of identify
 K - a scroll of enchant weapon
 L - a scroll of blinking {unknown}
Potions
 c - 2 potions of brilliance
 f - 5 potions of curing
 g - 2 potions of ambrosia
 h - a potion of might
 k - 2 potions of flight
 p - 3 potions of degeneration
 q - 5 potions of lignification
 r - 2 potions of invisibility
 t - 3 potions of mutation {unknown}
 A - a potion of haste {unknown}
 E - a potion of attraction {unknown}


   Skills:
 + Level 7.5 Fighting
 + Level 10.4 Dodging
 - Level 2.6 Stealth
 * Level 10.2 Spellcasting
 - Level 5.0 Hexes
 * Level 12.0 Summonings
 * Level 9.2 Air Magic
 - Level 6.0 Evocations


You had 8 spell levels left.
You knew the following spells:

 Your Spells              Type           Power      Damage    Failure   Level
a - Summon Hydra          Summ           35%        N/A       24%         7
b - Call Imp              Summ           70%        N/A       1%          2
c - Call Canine Familiar  Summ           70%        N/A       1%          3
d - Summon Guardian Gole  Hex/Summ       58%        N/A       1%          3
e - Summon Lightning Spi  Summ/Air       65%        N/A       1%          4
f - Tukima's Dance        Hex            42%        N/A       1%          3

Your spell library contained the following spells:

 Spells                   Type           Power      Damage    Failure   Level
 Summon Small Mammal      Summ           100%       N/A       1%          1
 Mephitic Cloud           Conj/Pois/Air  31%        N/A       3%          3
 Magic Dart               Conj           56%        1d5       4%          1
 Lesser Beckoning         Tloc           28%        N/A       6%          2
 Sublimation of Blood     Necr           14%        N/A       6%          2
 Wereblood                Tmut           14%        N/A       6%          2
 Gell's Gravitas          Tloc           14%        N/A       12%         3
 Teleport Other           Tloc           14%        N/A       12%         3
 Blade Hands              Tmut           7%         N/A       73%         5
 Iron Shot                Conj/Erth      7%         9d2       99%         6
 Animate Armour           Summ/Erth      Unusable   N/A       N/A         4
 Portal Projectile        Hex/Tloc       Unusable   N/A       N/A         3

Dungeon Overview and Level Annotations

Branches:
Dungeon (14/15)            Temple (1/1) D:6            Lair (0/5) D:11
    Orc (0/2) D:11         Vaults (0/5) D:13

Altars:
Ashenzari
Cheibriados
Dithmenos
Elyvilon
Fedhas
Gozag
Hepliaklqana
Kikubaaqudgha
Makhleb
Nemelex Xobeh
Okawaru
Qazlal
Ru
Sif Muna
Trog
Uskayaw
Vehumet
Wu Jian
Xom
Yredelemnul
Zin
The Shining One

Shops:
D:12 (

Annotations:
D:10 2 transporters


Innate Abilities, Weirdness & Mutations

You have sharp claws.
You have razor-sharp teeth.
You have supernaturally acute eyesight. (SInv)
You cover ground quickly. (Speed+)
Your thick and shaggy fur keeps you warm. (AC +3, rC+)
Your paws help you pounce on unaware monsters.
You are incapable of wielding weapons or throwing items.
You cannot wear armour.
You gain extra lives every three experience levels.


Message History

An electric hum fills the air.
The ogre mage is no longer distracted by gold.
The two-headed ogre hits your warg with a +0 giant spiked club!
The two-headed ogre hits your warg with a +0 giant club!!
Your warg dies!
Your warg's corpse disappears in a puff of smoke!
The two-headed ogre attacks as you move away!
The two-headed ogre hits you with a +0 giant club!
The two-headed ogre hits you with a +0 dire flail!
Your lightning spire shoots out a bolt of lightning at the two-headed ogre!
The bolt of electricity hits the two-headed ogre!
The two-headed ogre hits your lightning spire with a +0 giant club!!
The two-headed ogre completely misses your lightning spire.
Casting: Summon Lightning Spire (dangerous; 1% risk of failure)
Confirm with . or Enter, or press ? or * to list all spells.
A guardian golem appears, shielding your allies.
The two-headed ogre hits your lightning spire with a +0 giant club!
The two-headed ogre hits your lightning spire with a +0 dire flail.
Casting: Summon Guardian Golem (safe; 1% risk of failure)
Confirm with . or Enter, or press ? or * to list all spells.
The two-headed ogre hits your lightning spire with a +0 giant club!!
The two-headed ogre hits your lightning spire with a +0 dire flail.
Your lightning spire shoots out a bolt of lightning at the two-headed ogre!
The bolt of electricity hits the two-headed ogre!
The two-headed ogre hits your lightning spire with a +0 giant spiked club!!
Your lightning spire is destroyed!
Your lightning spire disappears in a puff of smoke!
There is a stone staircase leading up here.
Your guardian golem overheats!
The two-headed ogre hits your guardian golem with a +0 giant spiked club!
Flame seeps out of your guardian golem.
The two-headed ogre hits your guardian golem with a +0 giant club!!
Your guardian golem disappears in a puff of smoke!
Your guardian golem explodes!
The fiery explosion engulfs the ogre mage!!!
The ogre mage dies!
The fiery explosion engulfs you!!
Ouch! That really hurt!
You die...
Your body crumbles into a pile of gold.

#...$#######
#...........
#...........
#...........
#....##.....
#...O#######
#..§O§#
#..h§O+
#..@§§#
#......#
########


You could see 2 two-headed ogres, an ogre and a friendly warg (summoned,
sheltered).

Vanquished Creatures
  Azrael (D:12)
  A centaur warrior (D:13)
  3 fire elementals (D:12)
  A bullfrog (D:7)
  A hound (D:5)
  A white imp (D:8)
  A dart slug (D:1)
  2 orcs
  A giant cockroach (D:1)
  A goblin (D:1)
  A quokka (D:1)
  3 ball pythons (D:1)
  A rat (D:2)
18 creatures vanquished.

Vanquished Creatures (collateral kills)
  A yaktaur captain (D:11)
  An ogre mage (D:12)
  A vault guard (D:13)
  3 boulder beetles
  3 centaur warriors
  A two-headed ogre (D:14)
  2 deep elf zephyrmancers (D:9)
  A deep elf pyromancer (D:13)
  2 cyclopes
  An ugly thing (D:11)
  A gargoyle (D:12)
  Maggie (D:8)
  2 unseen horrors
  2 trolls
  10 slime creatures (D:13)
  A shadow (D:12)
  4 wraiths
  5 humans (D:13)
  7 yaks (D:9)
  2 wyverns (D:9)
  3 fire elementals (D:12)
  2 steam dragons (D:12)
  3 vampire mosquitoes
  2 acid dragons
  A hell hound (D:12)
  3 black bears
  A swamp drake (D:9)
  5 orc warriors
  3 sky beasts
  An ice beast (D:5)
  3 ogres
  6 centaurs
  2 scorpions
  4 necrophages
  2 wyvern zombies (D:8)
  A gnoll sergeant (D:10)
  3 wights (D:8)
  8 killer bees (D:9)
  3 howler monkeys (D:7)
  A crimson imp (D:9)
  A centaur zombie (D:8)
  5 orc priests
  A gnoll bouda (D:7)
  A human zombie (D:8)
  5 hounds
  An iron imp (D:9)
  3 iguanas
  9 orc wizards
  4 mummies
  A howler monkey zombie (D:8)
  10 gnolls
  7 adders
  A shadow imp (D:9)
  3 white imps
  3 ufetubi
  4 dart slugs
  47 orcs
  2 bats
  5 endoplasms
  2 giant cockroaches
  4 goblins
  6 hobgoblins
  7 kobolds
  A quokka (D:1)
  3 ball pythons
  4 frilled lizards
  6 rats
254 creatures vanquished.

Vanquished Creatures (others)
  A vault guard (D:13)
  An ogre mage (D:14)
  A catoblepas (D:13)
  A centaur warrior (D:13)
  3 two-headed ogres
  A deep elf knight (D:11)
  A deep elf pyromancer (D:14)
  2 yaks (D:9)
  A steam dragon (D:10)
  5 humans (D:13)
  4 vampire mosquitoes
  An orc warrior (D:10)
  2 black bears
  A sky beast (D:12)
  A centaur (D:13)
  A wight (D:8)
  2 orc priests
  An orc wizard (D:7)
  3 orcs (D:10)
  A plant (D:6)
34 creatures vanquished.

Grand Total: 306 creatures vanquished

Notes
Turn   | Place    | Note
-------+----------+-------------------------------------------
     0 | D:1      | arthad the Felid Summoner began the quest for the Orb.
     0 | D:1      | Reached XP level 1. HP: 7/7 MP: 4/4
   217 | D:1      | Reached XP level 2. HP: 11/11 MP: 3/6
   548 | D:1      | Learned a level 2 spell: Call Imp
   580 | D:1      | Reached skill level 5 in Summonings
   580 | D:1      | Reached XP level 3. HP: 12/14 MP: 2/7
  1541 | D:2      | Identified the ring "Vaov" {rCorr Int+6}
  1642 | D:2      | Learned a level 3 spell: Call Canine Familiar
  2184 | D:3      | Reached skill level 1 in Hexes
  2184 | D:3      | Reached XP level 4. HP: 18/18 MP: 6/8
  2508 | D:3      | Killed from afar by an orc priest
  2509 | D:3      | Reached XP level 3. HP: -1/15 MP: 0/7
  2509 | D:3      | Reached skill level 1 in Fighting
  2509 | D:3      | Reached XP level 4. HP: 19/19 MP: 8/8
  2645 | D:4      | Found a hazy altar of Hepliaklqana.
  2768 | D:4      | Found a sacrificial altar of Ru.
  2771 | D:4      | Found a glowing silver altar of Zin.
  2999 | D:4      | Found an ornate altar of the Wu Jian Council.
  3038 | D:4      | Found a sparkling altar of Nemelex Xobeh.
  3078 | D:4      | Found a bloodstained altar of Trog.
  3078 | D:4      | Noticed a black bear
  3084 | D:4      | Noticed a black bear
  3085 | D:4      | Killed a black bear
  3086 | D:4      | Reached XP level 5. HP: 22/22 MP: 1/10
  3102 | D:4      | Killed a black bear
  3103 | D:4      | Reached skill level 6 in Summonings
  3103 | D:4      | Gained mutation: You are covered in thick fur. (AC +2)
                  | [Felid growth]
  3103 | D:4      | Reached XP level 6. HP: 26/26 MP: 0/12
  3555 | D:5      | Entered Level 5 of the Dungeon
  3610 | D:5      | Learned a level 3 spell: Summon Guardian Golem
  3833 | D:5      | Found a white marble altar of Elyvilon.
  3936 | D:5      | Noticed an ice beast
  3946 | D:5      | Killed an ice beast
  3947 | D:5      | Reached XP level 7. HP: 30/30 MP: 13/13
  4101 | D:5      | Found a broken altar of Ashenzari.
  4689 | D:6      | Identified the +6 morningstar "Dogesch" {holy, rC++}
  4722 | D:6      | Learned a level 4 spell: Summon Lightning Spire
  4843 | D:6      | Found a staircase to the Ecumenical Temple.
  4849 | Temple   | Entered the Ecumenical Temple
  5026 | D:6      | Reached skill level 5 in Dodging
  5196 | D:6      | Reached skill level 7 in Summonings
  5419 | D:6      | Found an opulent altar of Gozag.
  5426 | D:6      | Reached skill level 1 in Air Magic
  5426 | D:6      | Reached XP level 8. HP: 34/34 MP: 15/15
  5493 | D:6      | Became a worshipper of Gozag Ym Sagoz the Greedy
  6062 | D:7      | Identified the +6 dagger of Jeblygoxt {flame, Str+3 Int+2}
  6361 | D:7      | Reached skill level 5 in Spellcasting
  6370 | D:7      | Reached skill level 5 in Hexes
  6795 | D:7      | Found a shadowy altar of Dithmenos.
  7195 | D:8      | Noticed Maggie
  7216 | D:8      | Killed Maggie
  7217 | D:8      | Reached XP level 9. HP: 39/39 MP: 4/18
  7417 | D:8      | Noticed a cyclops
  7430 | D:8      | Killed a cyclops
  7431 | D:8      | Reached skill level 8 in Summonings
  7431 | D:8      | Reached skill level 1 in Evocations
  7663 | D:8      | Found a basalt altar of Yredelemnul.
  8332 | D:9      | Found a blossoming altar of Fedhas.
  8514 | D:9      | Reached XP level 10. HP: 43/43 MP: 11/21
  8739 | D:9      | Noticed a deep elf zephyrmancer
  8744 | D:9      | Killed a deep elf zephyrmancer
  8745 | D:9      | Reached skill level 9 in Summonings
  8745 | D:9      | Reached skill level 5 in Air Magic
  8750 | D:9      | Noticed a deep elf zephyrmancer
  8767 | D:9      | Killed a deep elf zephyrmancer
  8921 | D:9      | Reached skill level 5 in Fighting
  9789 | D:10     | Entered Level 10 of the Dungeon
  9844 | D:10     | Learned a level 7 spell: Summon Hydra
  9905 | D:10     | Found a transporter.
  9908 | D:10     | Found a transporter.
  9908 | D:10     | Noticed an ice dragon
  9911 | D:10     | Found a burning altar of Makhleb.
 10051 | D:10     | Found a shimmering blue altar of Sif Muna.
 10236 | D:10     | Found a snail-covered altar of Cheibriados.
 11164 | D:11     | Identified the +2 leather armour of Pleasant Breezes {rC+++
                  | rCorr Slay-5 Stlth-}
 11190 | D:11     | Noticed a centaur warrior
 11208 | D:11     | HP: 1/44 [centaur warrior/arrow (21)]
 11209 | D:11     | Killed a centaur warrior
 11210 | D:11     | Reached XP level 11. HP: 25/48 MP: 13/23
 11303 | D:11     | Found a staircase to the Lair.
 11310 | D:11     | Found a staircase to the Orcish Mines.
 11355 | D:11     | Noticed a boulder beetle
 11391 | D:11     | Killed a boulder beetle
 11393 | D:11     | Reached skill level 10 in Summonings
 11709 | D:11     | Noticed a centaur warrior
 11722 | D:11     | Killed a centaur warrior
 11723 | D:11     | Noticed a yaktaur captain
 11730 | D:11     | Noticed a deep elf knight
 11738 | D:11     | Killed a yaktaur captain
 11768 | D:11     | Learned a level 3 spell: Tukima's Dance
 11796 | D:11     | Noticed a boulder beetle
 11928 | D:11     | Killed a boulder beetle
 12054 | D:11     | Noticed a white ugly thing
 12067 | D:11     | Killed a white ugly thing
 12274 | D:11     | Noticed a two-headed ogre
 12288 | D:11     | Killed a two-headed ogre
 12289 | D:11     | Reached skill level 5 in Evocations
 12657 | D:11     | Killed a deep elf knight
 12657 | D:11     | HP: 1/48 [themself (47)]
 13000 | D:12     | Noticed an ogre mage
 13154 | D:12     | Paralysed by an ogre mage for 2 turns
 13392 | D:12     | Killed an ogre mage
 13783 | D:12     | Gained mutation: Your thick and shaggy fur keeps you warm.
                  | (AC +3, rC+) [Felid growth]
 13783 | D:12     | Reached XP level 12. HP: 53/53 MP: 22/26
 13949 | D:12     | Noticed Azrael
 13969 | D:12     | Killed Azrael
 13976 | D:12     | Reached skill level 11 in Summonings
 14151 | D:12     | Noticed a boulder beetle
 14181 | D:12     | Killed a boulder beetle
 14470 | D:12     | Found Odoez's Weapon Boutique.
 14572 | D:13     | Noticed a centaur warrior
 14583 | D:13     | Noticed a centaur warrior
 14586 | D:13     | Killed a centaur warrior
 14591 | D:13     | Killed a centaur warrior
 14704 | D:13     | Noticed a catoblepas
 14715 | D:13     | Killed a catoblepas
 14776 | D:13     | Killed from afar by a deep elf pyromancer
 14777 | D:13     | Reached XP level 11. HP: 0/49 MP: 23/25
 14836 | D:13     | Noticed a two-headed ogre
 14847 | D:13     | Killed a two-headed ogre
 14889 | D:13     | Noticed a centaur warrior
 14899 | D:13     | Killed a vault guard
 14902 | D:13     | Killed a centaur warrior
 14907 | D:13     | Reached skill level 10 in Dodging
 14911 | D:13     | Mangled by a very large slime creature
 14912 | D:13     | Reached XP level 10. HP: -12/47 MP: 1/24
 15109 | D:13     | Identified the +3 sling of Bixzit {heavy, Str+2}
 15216 | D:13     | Noticed a vault guard
 15225 | D:13     | Killed a vault guard
 15226 | D:13     | Reached XP level 11. HP: 50/50 MP: 15/25
 15227 | D:13     | Reached skill level 10 in Spellcasting
 15377 | D:13     | Identified the +0 plate armour of the Engineer {Fly Str+2
                  | Int+6}
 15380 | D:13     | Found a gate to the Vaults.
 15647 | D:14     | Noticed a deep elf pyromancer
 15658 | D:14     | Killed a deep elf pyromancer
 15659 | D:14     | Reached skill level 12 in Summonings
 15717 | D:14     | Noticed a two-headed ogre
 15717 | D:14     | Noticed a two-headed ogre
 15772 | D:14     | Noticed a two-headed ogre
 15772 | D:14     | Noticed a two-headed ogre
 15772 | D:14     | Noticed a two-headed ogre
 15772 | D:14     | Noticed an ogre mage
 15781 | D:14     | Killed a two-headed ogre
 15789 | D:14     | Killed a two-headed ogre
 15811 | D:14     | Killed an ogre mage
 15811 | D:14     | Killed by an exploding themself... ignited by their inner
                  | flame

Illustrated notes

Levels and vault maps discovered:
D:1:      scummos_arrival_simple_fountains, layout_basic
D:2:      layout_loops_ring
D:3:      layout_rooms
D:4:      layout_basic, nzn_wu_jian_contemplation, jmf_multi_god_temple,
          lemuel_tele_altar, trog_ov_bears_minmay,
          nicolae_hepliaklqana_hippocampus
D:5:      layout_basic, elyvilon_altar_4, ashenzari_conservatory_becter
D:6:      layout_cave_pods, marbit_many_paths,
          minmay_temple_entry_gardened_gates
D:7:      layout_basic, kennysheep_mini_moat
D:8:      layout_loops_cross, lemuel_mausoleum_altar_yredelemnul, uniq_maggie
D:9:      layout_grid_maze, lemuel_doored_altar, columned_hall_lemuel,
          hangedman_minor_magic
D:10:     layout_loops_ring, mainiacjoe_overflow_catwalk, slow_altar_2,
          gammafunk_temple_overflow_arena, special_room [special_room_orc],
          eino_tiny_chamber, minivault_19
D:11:     minmay_mutant_horseshoe, layout_irregular_city, lair_entry_dummy,
          minmay_orc_entry_temple_small
D:12:     layout_cave_pods, serial_shops, nicolae_shop_bloodbath_and_beyond,
          hangedman_misty_isle, uniq_azrael
D:13:     layout_gridville, ximxim_vaults_locker_room
D:14:     layout_stronghold, serial_rivers, chequers_serial_rivers_room_b,
          chequers_serial_rivers_micro_b, chequers_serial_rivers_micro_c,
          chequers_serial_rivers_small_a, kiku_gazebo_pond_becter
Temple:   nicolae_temple_superstar

Skill      XL: |  1  2  3  4  5  6  7  8  9 10 11 12 |
---------------+-------------------------------------+-----
Summonings     | 5 6 7 8 9 12 11 | 12.0
Dodging        | 3 4 5 6 8 10 | 10.4
Hexes          | 1 2 3 4 5 |  5.0
Fighting       | 1 2 3 4 5 7 |  7.5
Spellcasting   | 3 4 5 6 7 10 | 10.2
Air Magic      | 1 3 4 6 9 8 |  9.2
Evocations     | 2 4 5 6 |  6.0
Stealth        | |  2.6

Action                   |  1- 3 |  4- 6 |  7- 9 | 10-12 || total
-------------------------+-------+-------+-------+-------++-------
Melee: Unarmed           |    25 |     7 |    25 |    38 ||    95
       Bite              |     5 |     2 |     2 |     4 ||    13
       Punch             |       |       |       |     1 ||     1
 Cast: Summon Small Mamm |    54 |     9 |       |       ||    63
       Call Imp          |     8 |     9 |    17 |    22 ||    56
       Call Canine Famil |     2 |    17 |    25 |    54 ||    98
       Summon Guardian G |       |     3 |    20 |    62 ||    85
       Summon Lightning  |       |       |    11 |    74 ||    85
       Tukima's Dance    |       |       |       |     8 ||     8
Evoke: Wand              |       |       |       |     8 ||     8
  Use: Potion            |       |     1 |       |     3 ||     4
       Scroll            |       |       |    10 |     4 ||    14
 Stab: Distracted        |       |       |     1 |       ||     1
Armor: Skin              |     2 |       |     1 |     3 ||     6
Dodge: Dodged            |    30 |     8 |    42 |   113 ||   193

Table legend: (Time is in decaauts)
 A = Elapsed time spent in this place.
 B = Non-inter-level travel time spent in this place.
 C = Inter-level travel time spent in this place.
 D = Time resting spent in this place.
 E = Time spent auto-exploring this place.
 F = Levels seen in this place.
 G = Mean time per level.
                   A        B        C        D        E       F      G
               +--------+--------+--------+--------+--------+-----+--------+
         Total |  13986 |  13679 |    307 |    310 |  10513 |  15 |  932.4 |
       Dungeon |  13866 |  13582 |    284 |    310 |  10428 |  14 |  990.4 |
        Temple |    120 |     97 |     23 |      0 |     84 |   1 |  120.0 |
               +--------+--------+--------+--------+--------+-----+--------+

Top non-repeatable levels by time:
    D:11: 1559 daAuts
     D:9: 1519 daAuts
    D:12: 1514 daAuts
    D:10: 1235 daAuts
     D:1: 1131 daAuts
    D:13: 1001 daAuts
     D:5: 975 daAuts
     D:6: 974 daAuts
     D:8: 943 daAuts
     D:7: 917 daAuts
     D:4: 878 daAuts
     D:2: 569 daAuts
     D:3: 526 daAuts
  Temple: 120 daAuts
    D:14: 119 daAuts
